 Dungeon Crawl Stone Soup version 0.29-a0-371-g91724d5b39 (webtiles) character file.

Game seed: 10301482770308926767

1934 Bruhh the Ogre Mage (level 9, 0/84 HPs)
             Began as an Ogre Earth Elementalist on May 3, 2022.
             Killed from afar by a kobold (6 damage)
             ... with a puff of flame
             ... on level 6 of the Dungeon.
             The game lasted 00:13:12 (9444 turns).

Bruhh the Ogre Mage (Ogre Earth Elementalist)       Turns: 9444, Time: 00:13:13

Health: 0/84       AC:  3    Str: 14    XL:     9   Next: 17%
Magic:  2/21       EV: 10    Int: 20    God:
Gold:   163        SH:  0    Dex: 15    Spells: 20/24 levels left

rFire   . . .      SeeInvis .   (no weapon)
rCold   . . .      Faith    .   (no shield)
rNeg    . . .      Spirit   .   b - +0 robe
rPois   .          Reflect  .   (helmet restricted)
rElec   .          Harm     .   (no cloak)
rCorr   .          Rampage  .   (gloves unavailable)
Will    .....                   (boots unavailable)
Stlth   ++........              (no amulet)
HPRegen 0.24/turn               p - +6 ring of dexterity
MPRegen 0.17/turn               (no ring)

@: no status effects
A: large, unfitting armour, tough skin 1
a: no special abilities


You were on level 6 of the Dungeon.
You visited 1 branch of the dungeon, and saw 6 of its levels.
You also visited: Sewer.

You collected 163 gold pieces.

Inventory:

Missiles
 s - 7 stones
Armour
 b - a +0 robe (worn)
Jewellery
 p - a +6 ring of dexterity (left hand)
 t - an amulet of faith
Wands
 q - a wand of mindburst (8)
 w - a wand of acid (7)
 y - a wand of iceblast (12)
 z - a wand of charming (8)
Scrolls
 a - a scroll of vulnerability {unknown}
 d - 3 scrolls of noise {unknown}
 e - a scroll of enchant weapon {unknown}
 h - 3 scrolls of magic mapping {unknown}
 j - 4 scrolls of amnesia {unknown}
 l - 2 scrolls of identify {unknown}
 n - a scroll of fear {unknown}
 o - a scroll of enchant armour {unknown}
 u - 2 scrolls of immolation {unknown}
 v - 2 scrolls of teleportation {unknown}
 x - a scroll of silence {unknown}
Potions
 c - a potion of magic
 f - 3 potions of degeneration
 g - 2 potions of heal wounds {unknown}
 i - a potion of ambrosia {unknown}
 k - 3 potions of lignification {unknown}
 m - a potion of mutation {unknown}
 r - 2 potions of haste {unknown}


   Skills:
 + Level 3.7 Fighting
 - Level 1.7 Dodging
 - Level 1.4 Stealth
 - Level 8.0 Spellcasting
 - Level 6.0 Conjurations
 - Level 0.8 Transmutations
 - Level 6.0 Earth Magic


You had 20 spell levels left.
You knew the following spells:

 Your Spells              Type           Power      Damage    Failure   Level
a - Sandblast             Erth           64%        2d14      1%          1
b - Stone Arrow           Conj/Erth      64%        3d11      2%          3

Your spell library contained the following spells:

 Spells                   Type           Power      Damage    Failure   Level
 Passwall                 Tmut/Erth      17%        N/A       3%          2
 Animate Skeleton         Necr           16%        N/A       9%          1
 Pain                     Necr           32%        1d5       9%          1
 Petrify                  Tmut/Erth      21%        N/A       21%         4
 Vampiric Draining        Necr           8%         2d6       26%         3


Dungeon Overview and Level Annotations

Branches:
Dungeon (6/15)             Temple (0/1) D:5           Sewer (visited)

Altars:
Makhleb
Zin

Shops:
D:2 ?(*   D:6 :[??


Innate Abilities, Weirdness & Mutations

You are too large for most types of armour.
You have tough skin. (AC +1)


Message History

The blast of sand hits the kobold!
You kill the kobold!
You feel sick.
The kobold zaps a wand.
The puff of flame hits you.
Casting: Sandblast (safe; 1% risk of failure)
Confirm with . or Enter, or press ? or * to list all spells.
Aiming: Sandblast (safe; 1% risk of failure)
Press: ? - help, Shift-Dir - straight line, f - kobold
Aim: a kobold, wielding a +0 short sword, wearing a +2 ring mail of fire resistance, quivering stones and carrying a wand of flame (23) (80% to hit)
The blast of sand hits the kobold but does no damage.
You feel sick.
You feel sick.
You feel sick.
The kobold zaps a wand.
The puff of flame hits you!
* * * LOW HITPOINT WARNING * * *
You feel sick.
The kobold throws a stone.
The stone hits you but does no damage.
You feel sick.
The kobold throws a stone.
The stone hits you but does no damage.
You feel sick.
You are no longer poisoned.
The kobold zaps a wand.
The puff of flame hits you.
* * * LOW HITPOINT WARNING * * *
There is an open door here.
The kobold zaps a wand.
The puff of flame hits you.
* * * LOW HITPOINT WARNING * * *
Casting: Sandblast (safe; 1% risk of failure)
Confirm with . or Enter, or press ? or * to list all spells.
You can't see any susceptible monsters within range! (Use Z to cast anyway.) Unknown command.
The kobold zaps a wand.
The puff of flame hits you.
* * * LOW HITPOINT WARNING * * *
You start resting.
A kobold is nearby!
Casting: Sandblast (safe; 1% risk of failure)
Confirm with . or Enter, or press ? or * to list all spells.
Aiming: Sandblast (safe; 1% risk of failure)
Press: ? - help, Shift-Dir - straight line, f/p - kobold
Aim: a kobold, wielding a +0 short sword, wearing a +2 ring mail of fire resistance, quivering stones and carrying a wand of flame (19) (80% to hit)
The blast of sand misses the kobold.
The kobold zaps a wand.
The puff of flame hits you.
You die...

. #...........##)##
.. #.♣.♣.♣.♣...##K##
...##..∩...∩....#8.8#
#.....♣.♣.♣.♣...##.##
#####....⌠......##.##
#.♣.♣.♣.♣...#8.8#
##..∩...∩....##.##
#..♣.♣.♣.♣.)>##K#
#............@..#
#.#####.##.....##
####'#.....##....##
........##.#######
........##.#
........##.#
........##.# ..
........##.###### .#
........##.)....# #.#
#.


You could see a kobold.

Vanquished Creatures
  A troll (D:5)
  Grinder (D:4)
  Eustachio (D:6)
  A black bear (D:6)
  2 ogres
  A centaur (D:6)
  3 kobold brigands
  A necrophage (D:6)
  An elf skeleton (D:5)
  A human zombie (D:5)
  3 hounds
  An orc priest (D:5)
  2 human skeletons (D:5)
  3 iguanas
  6 orc wizards
  10 adders
  4 river rats (Sewer)
  2 worms
  5 dart slugs
  27 orcs
  6 endoplasms
  6 giant cockroaches
  4 goblins
  8 hobgoblins
  8 jackals
  2 quokkas (D:3)
  14 ball pythons
  5 bats
  7 frilled lizards
  10 kobolds
  2 orc zombies (D:5)
  14 rats
162 creatures vanquished.

Vanquished Creatures (others)
  9 plants (Sewer)
9 creatures vanquished.

Grand Total: 171 creatures vanquished

Notes
Turn   | Place    | Note
-------+----------+-------------------------------------------
     0 | D:1      | Bruhh the Ogre Earth Elementalist began the quest for the
                  | Orb.
     0 | D:1      | Reached XP level 1. HP: 16/16 MP: 3/3
   282 | D:1      | Reached XP level 2. HP: 24/24 MP: 3/5
   414 | D:1      | Reached skill level 3 in Spellcasting
   809 | D:1      | Reached XP level 3. HP: 31/31 MP: 5/7
  1652 | D:2      | Reached XP level 4. HP: 36/39 MP: 7/9
  1677 | D:2      | Found Gigusammia's Antique Weapon Emporium.
  1844 | D:2      | Found Osuaps's Magic Scroll Shoppe.
  2269 | D:2      | Found Zaciel's Assorted Antiques.
  2495 | D:3      | Reached skill level 4 in Spellcasting
  2725 | D:3      | Found a glowing drain.
  2759 | Sewer    | Entered a sewer
  2882 | Sewer    | Noticed a kobold brigand
  2899 | Sewer    | Killed a kobold brigand
  2900 | Sewer    | Reached XP level 5. HP: 27/45 MP: 1/12
  3570 | Sewer    | Reached skill level 5 in Spellcasting
  3570 | Sewer    | Reached XP level 6. HP: 47/53 MP: 9/13
  3649 | Sewer    | Reached skill level 5 in Earth Magic
  3653 | Sewer    | Learned a level 3 spell: Stone Arrow
  4326 | D:3      | Found a faded altar of an unknown god.
  4499 | D:4      | Noticed Grinder
  4503 | D:4      | Paralysed by Grinder for 6 turns
  4512 | D:4      | Killed Grinder
  4513 | D:4      | Reached skill level 6 in Spellcasting
  4513 | D:4      | Reached XP level 7. HP: 47/59 MP: 2/16
  4653 | D:4      | Found a glowing silver altar of Zin.
  6384 | D:5      | Entered Level 5 of the Dungeon
  7236 | D:5      | Reached skill level 5 in Conjurations
  7236 | D:5      | Reached XP level 8. HP: 67/67 MP: 10/17
  7294 | D:5      | Found a staircase to the Ecumenical Temple.
  7323 | D:5      | Noticed a troll
  7332 | D:5      | Killed a troll
  7682 | D:5      | Found a burning altar of Makhleb.
  7682 | D:5      | Noticed an Executioner
  7685 | D:5      | Noticed a hellwing
  8797 | D:6      | Reached skill level 7 in Spellcasting
  8913 | D:6      | Found Jickubig's Magic Scroll Shop.
  8917 | D:6      | Found Musod's Magic Scroll Shop.
  8917 | D:6      | Noticed Eustachio
  8920 | D:6      | Found Citzy's Antique Armour Shop.
  8920 | D:6      | Found Hosa's Book Shop.
  9226 | D:6      | Killed Eustachio
  9227 | D:6      | Reached skill level 8 in Spellcasting
  9227 | D:6      | Reached skill level 1 in Fighting
  9227 | D:6      | Reached XP level 9. HP: 79/79 MP: 5/21
  9437 | D:6      | HP: 4/84 [kobold/puff of flame (5)]
  9444 | D:6      | Killed from afar by a kobold

Illustrated notes

Levels and vault maps discovered:
D:1:      dpeg_arrival_round_a, layout_basic, lemuel_old_faithful
D:2:      layout_basic, serial_shops, nicolae_square_shop, shop,
          nicolae_shop_statue_plus, minmay_hexomino_f4
D:3:      layout_rooms, hellmonk_ecumenical_altar_dog_temple,
          cheibrodos_sewer_entry_drain, kennysheep_generic_room_13
D:4:      layout_basic, zin_academy, uniq_grinder
D:5:      layout_basic, makhleb_altar_promises_db, minmay_temple_entry_wispy,
          nicolae_ossuary_entry_catacombs
D:6:      layout_basic, mainiacjoe_overflow_alcove_1, dk_noncrumbling_2,
          minmay_misc_feat_four_crosses, dk_noncrumbling_4,
          minmay_shop_grid_forest, kennysheep_nondescript,
          hangedman_decor_clover_reticule, uniq_eustachio, uniq_blork_the_orc,
          uniq_maggie, uniq_edmund

Skill      XL: |  1  2  3  4  5  6  7  8  9 |
---------------+----------------------------+-----
Earth Magic    | 3 4 5 6 |  6.0
Spellcasting   | 3 4 5 6 8 |  8.0
Conjurations   | 2 5 6 |  6.0
Fighting       | 1 3 |  3.7
Dodging        | |  1.7
Stealth        | |  1.4
Transmutations | |  0.8

Action                   |  1- 3 |  4- 6 |  7- 9 || total
-------------------------+-------+-------+-------++-------
Melee: Unarmed           |     1 |    11 |    12 ||    24
 Cast: Sandblast         |    43 |   121 |    13 ||   177
       Stone Arrow       |       |     3 |   120 ||   123
  Use: Potion            |       |       |     1 ||     1
Armor: Robe              |     8 |    21 |    23 ||    52
Dodge: Dodged            |     5 |    26 |    62 ||    93

Table legend: (Time is in decaauts)
 A = Elapsed time spent in this place.
 B = Non-inter-level travel time spent in this place.
 C = Inter-level travel time spent in this place.
 D = Time resting spent in this place.
 E = Time spent auto-exploring this place.
 F = Levels seen in this place.
 G = Mean time per level.
                   A        B        C        D        E       F      G
               +--------+--------+--------+--------+--------+-----+--------+
         Total |   9569 |   9407 |    162 |    530 |   7816 |   7 | 1367.0 |
       Dungeon |   8210 |   8048 |    162 |    522 |   6665 |   6 | 1368.3 |
         Sewer |   1359 |   1359 |      0 |      8 |   1151 |   1 | 1359.0 |
               +--------+--------+--------+--------+--------+-----+--------+

Top non-repeatable levels by time:
     D:5: 2347 daAuts
     D:4: 2189 daAuts
     D:1: 1602 daAuts
   Sewer: 1359 daAuts
     D:2: 843 daAuts
     D:3: 819 daAuts
     D:6: 407 daAuts
